 Dungeon Crawl Stone Soup version 0.20-a0-972-gb9bd3e6 (webtiles) character file.

9525 nikopol the Thaumaturge (level 11, -6/64 HPs)
             Began as a Deep Elf Fire Elementalist on Apr 9, 2017.
             Was a Believer of Vehumet.
             Mangled by Sonja
             ... wielding a +0 dagger of distortion
              (20 damage)
             ... on level 10 of the Dungeon.
             The game lasted 01:06:51 (12735 turns).

nikopol the Thaumaturge (DEFE)                     Turns: 12735, Time: 01:06:52

Health: -6/64      AC:  8    Str:  5    XL:     11   Next: 24%
Magic:  15/36      EV: 20    Int: 24    God:    Vehumet [**....]
Gold:   514        SH:  0    Dex: 15    Spells: 19/31 levels left

rFire    . . .     SeeInvis .   F - +2 short sword (flame)
rCold    . . .     Gourm    .   (no shield)
rNeg     . . .     Faith    .   a - +0 robe
rPois    .         Spirit   .   I - +0 hat
rElec    .         Reflect  .   s - +0 cloak
rCorr    .         Harm     .   M - +1 pair of gloves
MR       +....                  n - +1 pair of boots
Stlth    ++........             v - amulet of regeneration
Regen    0.6/turn               d - ring of magical power
MPRegen  0.3/turn               H - +2 ring of evasion

@: lethally poisoned (-6 -> -21), very slightly contaminated, slowed, very slow
A: no striking features
a: Renounce Religion


You were on level 10 of the Dungeon.
You worshipped Vehumet.
Vehumet was pleased with you.
You were hungry.

You visited 2 branches of the dungeon, and saw 11 of its levels.

You collected 514 gold pieces.

Inventory:

Hand Weapons
 l - a +0 dagger
 F - a +2 short sword of flaming (weapon)
Armour
 a - a +0 robe (worn)
 n - a +1 pair of boots (worn)
 s - a +0 cloak (worn)
 I - a +0 hat (worn)
 M - a +1 pair of gloves (worn)
Jewellery
 d - a ring of magical power (left hand)
 k - an uncursed ring of ice
 v - an amulet of regeneration (around neck)
 w - an uncursed ring of stealth
 C - the ring of Poja {rCorr *Slow rElec Dex+2}
   (You found it on level 6 of the Dungeon)

   [ring of resist corrosion]

   It affects your dexterity (+2).
   It insulates you from electricity.
   It may slow you when you take damage.
 H - a +2 ring of evasion (right hand)
Wands
 e - a wand of polymorph (12/24)
 f - a wand of clouds (4/9)
 o - a wand of confusion (48/48)
 y - a wand of acid (7/15)
 E - a wand of polymorph (12/24)
Scrolls
 h - 6 scrolls of identify
 i - a scroll of teleportation
 m - 6 scrolls of remove curse
 p - a scroll of enchant weapon
 A - a scroll of fog
 B - 3 scrolls of recharging
 L - a scroll of enchant armour
Potions
 j - 2 potions of heal wounds
 r - a potion of resistance {unknown}
 t - a potion of brilliance {unknown}
 u - 2 potions of haste {unknown}
 G - 2 potions of agility {unknown}
 K - 2 potions of might {unknown}
 N - a potion of mutation {unknown}
 P - 2 potions of curing {unknown}
Books
 b - a book of Flames

   Spells                             Type                      Level
   a - Flame Tongue                   Conjuration/Fire             1
   b - Throw Flame                    Conjuration/Fire             2
   c - Conjure Flame                  Conjuration/Fire             3
   d - Inner Flame                    Hexes/Fire                   3
   e - Sticky Flame                   Conjuration/Fire             4
   f - Fireball                       Conjuration/Fire             5
 J - a book of Cantrips

   Spells                             Type                      Level
   a - Confusing Touch                Hexes                        1
   b - Animate Skeleton               Necromancy                   1
   c - Summon Small Mammal            Summoning                    1
   d - Apportation                    Translocation                1
Comestibles
 c - 9 bread rations
 g - 8 royal jellies
 x - 4 meat rations
 D - 13 fruits
 R - a chunk of flesh


   Skills:
 + Level 5.2 Fighting
 + Level 5.2 Armour
 + Level 8.4 Dodging
 - Level 2.5 Stealth
 + Level 10.8 Spellcasting
 + Level 6.9 Conjurations
 * Level 10.4 Fire Magic


You had 19 spell levels left.
You knew the following spells:

 Your Spells              Type           Power        Failure   Level  Hunger
a - Flame Tongue          Conj/Fire      #####        1%          1    None
b - Throw Flame           Conj/Fire      ######       1%          2    None
c - Conjure Flame         Conj/Fire      ######..     1%          3    None
d - Fireball              Conj/Fire      ######....   4%          5    ####...
e - Shock                 Conj/Air       ####         1%          1    None


Dungeon Overview and Level Annotations

Branches:
Dungeon (10/15)            Temple (1/1) D:4
   Lair: D:8-11         Orc: D:9-12

Altars:
Ashenzari
Cheibriados
Dithmenos
Elyvilon
Fedhas
Gozag
Hepliaklqana
Kikubaaqudgha
Makhleb
Nemelex Xobeh
Okawaru
Qazlal
Ru
Sif Muna
Trog
Uskayaw
Vehumet
Wu Jian
Xom
Yredelemnul
Zin
The Shining One

Shops:
D:6 (   D:9 !

Annotations:
D:9 exclusion: 2 doors
D:10 Sonja


Message History

Sonja blinks!
You feel much better.
You feel very sick. The hornet completely misses you.
The porcupine bites you but does no damage.
The hornet barely misses you. The porcupine completely misses you.
A porcupine comes into view.
You feel very sick. The hornet misses you.
Sonja gestures wildly while chanting.
Sonja blinks!
* * * LOW HITPOINT WARNING * * *
You feel very sick.
Sonja unwields an uncursed blowgun.
Sonja wields an uncursed dagger of distortion.
Its appearance distorts for a moment.
Sonja barely misses you.
Sonja hits you with an uncursed dagger of distortion.
* * * LOW HITPOINT WARNING * * *
Space warps horribly around you!
You die...

# . .##### # #. K#
##......# . ... #)
##........ .. ....
#) ###.........
.....#. #...........
.......##.#.........
.......(..>.[.......
.........r#y........
.......(....@.......
.#..........K.......
....................
.........r......[..♣
....................
...................P
..................
...............


You could see a hornet, Sonja and 2 porcupines.

Vanquished Creatures
  A hydra (D:9)
  2 two-headed ogres (D:8)
  A gargoyle (D:9)
  2 dream sheep (D:9)
  A hippogriff (D:7)
  2 yaks (D:9)
  6 humans (D:6)
  A hungry ghost (D:7)
  A water moccasin (D:9)
  The ghost of Gorglomux the Gusty, an amateur TeAE (D:3)
  An orc warrior (D:6)
  3 sky beasts
  An ice beast (D:8)
  A black bear (D:8)
  10 ogres
  5 phantoms
  A necrophage (D:8)
  2 centaurs
  3 big kobolds (D:9)
  8 bullfrogs
  Blork the orc (D:6)
  A scorpion (D:6)
  5 wights (D:9)
  4 killer bees (D:8)
  A howler monkey (D:9)
  A crimson imp (D:9)
  2 quasits (D:9)
  A bullfrog zombie (D:10)
  9 hounds
  7 orc priests
  2 centaur zombies
  3 jellies
  8 orc wizards
  3 bullfrog skeletons
  4 iguanas
  A statue (D:7)
  10 worker ants
  A killer bee zombie (D:9)
  A hound skeleton (D:4)
  17 gnolls
  2 worker ant zombies
  14 adders
  2 shadow imps
  2 oozes
  3 adder zombies
  An adder skeleton (D:5)
  7 worms
  4 dart slugs
  4 leopard geckos
  22 orcs
  8 bats
  7 giant cockroaches
  8 goblins
  9 hobgoblins
  15 jackals
  4 quokkas
  5 ball pythons
  3 frilled lizards
  7 kobolds
  7 rats
269 creatures vanquished.

Vanquished Creatures (others)
  A wizard (D:3)
1 creature vanquished.

Grand Total: 270 creatures vanquished

Notes
Turn   | Place    | Note
-------+----------+-------------------------------------------
     0 | D:1      | nikopol the Deep Elf Fire Elementalist began the quest for the Orb.
     0 | D:1      | Reached XP level 1. HP: 10/10 MP: 6/6
   178 | D:1      | Reached XP level 2. HP: 15/15 MP: 6/8
   634 | D:1      | Reached XP level 3. HP: 19/19 MP: 8/10
   638 | D:1      | Learned a level 2 spell: Throw Flame
   642 | D:1      | Learned a level 3 spell: Conjure Flame
  1281 | D:2      | Reached XP level 4. HP: 24/24 MP: 7/12
  1602 | D:2      | Reached skill level 1 in Armour
  1808 | D:2      | Reached XP level 5. HP: 28/28 MP: 7/14
  2374 | D:3      | Reached skill level 5 in Spellcasting
  2745 | D:3      | Noticed Gorglomux's ghost (amateur TeAE)
  2756 | D:3      | Killed Gorglomux's ghost
  2756 | D:3      | Reached skill level 1 in Fighting
  2756 | D:3      | Reached XP level 6. HP: 16/34 MP: 4/16
  3301 | D:3      | Found a bloodstained altar of Trog.
  3572 | D:3      | Found a faded altar of an unknown god.
  3754 | D:3      | Found a hide-covered altar of Uskayaw.
  3763 | D:3      | Reached skill level 5 in Fire Magic
  3844 | D:3      | Noticed a wizard
  3849 | D:3      | Killed a wizard
  4263 | D:4      | Reached XP level 7. HP: 31/38 MP: 7/18
  4392 | D:4      | Found a staircase to the Ecumenical Temple.
  4405 | Temple   | Entered the Ecumenical Temple
  5065 | D:4      | Found a shimmering altar of Xom.
  5325 | D:4      | Found a stormy altar of Qazlal.
  5327 | D:4      | Found an ancient bone altar of Kikubaaqudgha.
  5631 | D:4      | Found a deep blue altar of Sif Muna.
  5801 | D:5      | Entered Level 5 of the Dungeon
  5826 | D:5      | Reached XP level 8. HP: 44/44 MP: 20/20
  6245 | D:5      | Learned a level 5 spell: Fireball
  6604 | D:5      | Found a glowing golden altar of the Shining One.
  6624 | D:5      | Found a shadowy altar of Dithmenos.
  6880 | D:6      | Reached skill level 5 in Dodging
  7152 | D:6      | Found Vitzimeh's Antique Weapon Boutique.
  7297 | D:6      | Found an opulent altar of Gozag.
  7323 | D:6      | Reached XP level 9. HP: 50/50 MP: 23/23
  7579 | D:6      | Reached skill level 5 in Conjurations
  7850 | D:6      | Got a heavily runed iron ring
  7858 | D:6      | Identified the ring of Poja {rCorr *Slow rElec Dex+2} (You found it on level 6 of the Dungeon)
  8312 | D:6      | Found a burning altar of Makhleb.
  8326 | D:6      | Noticed Blork the orc
  8400 | D:6      | Killed Blork the orc
  8702 | D:7      | Found a basalt altar of Yredelemnul.
  9032 | D:7      | Reached XP level 10. HP: 56/56 MP: 25/25
  9330 | D:7      | Found a radiant altar of Vehumet.
  9681 | D:7      | Became a worshipper of Vehumet
 10027 | D:8      | Reached skill level 10 in Spellcasting
 10171 | D:8      | Found a sacrificial altar of Ru.
 10339 | D:8      | Noticed a two-headed ogre
 10381 | D:8      | Killed a two-headed ogre
 10790 | D:8      | Noticed a two-headed ogre
 10983 | D:8      | Killed a two-headed ogre
 10983 | D:8      | Reached * piety under Vehumet
 10983 | D:8      | Offered knowledge of Shock by Vehumet.
 11095 | D:9      | Found a sparkling altar of Nemelex Xobeh.
 11100 | D:9      | Noticed a two-headed ogre
 11103 | D:9      | Found a large runed door.
 11104 | D:9      | Found a large runed door.
 11299 | D:9      | Found Beoddav's Distillery.
 11327 | D:9      | Learned a level 1 spell: Shock
 11498 | D:9      | Reached skill level 5 in Armour
 11819 | D:9      | Reached skill level 10 in Fire Magic
 11988 | D:9      | Reached ** piety under Vehumet
 11988 | D:9      | Offered knowledge of Sting by Vehumet.
 12079 | D:9      | Reached XP level 11. HP: 59/62 MP: 27/27
 12090 | D:9      | Reached skill level 5 in Fighting
 12146 | D:9      | Noticed a three-headed hydra
 12429 | D:9      | Killed a three-headed hydra
 12554 | D:9      | Noticed a centaur warrior
 12558 | D:9      | Noticed a naga warrior
 12604 | D:10     | Entered Level 10 of the Dungeon
 12723 | D:10     | Noticed Sonja
 12731 | D:10     | HP: 2/64 [hornet (3)]
 12731 | D:10     | Paralysed by a hornet for 1 turns
 12735 | D:10     | Mangled by Sonja

Vault maps used:
D:1:      nicolae_arrival_memento_mori, minmay_misc_feat_columns
D:3:      lemuel_round_altar, chequers_ecumenical_altar_simple_redux,
          small_statue_intersection, trog_wizard
D:4:      kennysheep_mini_moat, led_sif_book,
          chequers_temple_overflow_statue_of_worship,
          minmay_temple_entry_statues, first_bread, kennysheep_decorative_pillar
D:5:      grunt_dithmenos_shadows, old_standard_altar, kennysheep_cluttered_room
D:6:      makhleb_heckhound_becter,
          nicolae_gozag_cash_rules_everything_around_me, serial_shops, shop,
          minmay_ruffians, uniq_blork_the_orc
D:7:      lemuel_coloured_pillars_altar, vehumet_statue
D:8:      nicolae_ru_sacrificial_ziggurat
D:9:      okawaru_arena_lexackson, nemelex_xobeh_ov_fountains_minmay,
          serial_shops, shop, hangedman_ranch
D:10:     kennysheep_big_flooded_room, minmay_lair_entry_grove, uniq_sonja
Temple:   nicolae_temple_figure_zero

Skill      XL: |  1  2  3  4  5  6  7  8  9 10 11 |
---------------+----------------------------------+-----
Dodging        | 3 4 5 6 7 8 |  8.4
Spellcasting   | 4 5 6 7 8 9 10 | 10.8
Fire Magic     | 4 5 7 8 10 | 10.4
Armour         | 1 2 3 4 5 |  5.2
Fighting       | 1 2 3 4 5 |  5.2
Conjurations   | 2 3 4 5 6 |  6.9
Stealth        | |  2.5

Action                   |  1- 3 |  4- 6 |  7- 9 | 10-12 || total
-------------------------+-------+-------+-------+-------++-------
Melee: Dagger            |       |       |     1 |       ||     1
       Short sword       |       |       |       |     1 ||     1
 Cast: Flame Tongue      |    60 |   163 |   236 |   290 ||   749
       Conjure Flame     |       |     6 |     4 |     9 ||    19
       Throw Flame       |       |     6 |    68 |    82 ||   156
       Fireball          |       |       |     5 |    10 ||    15
       Shock             |       |       |       |     3 ||     3
  Use: Scroll            |       |     1 |     9 |     9 ||    19
       Potion            |       |       |       |     2 ||     2
  Eat: Chunk             |     1 |     8 |    17 |    10 ||    36
       Royal jelly       |       |       |       |     1 ||     1
Armor: Robe              |     4 |     4 |     8 |    31 ||    47
Dodge: Dodged            |    12 |    32 |    61 |   141 ||   246
